 Dungeon Crawl Stone Soup version 0.25-a0-105-g2289b3b9f1 (webtiles) character file.

Game seed: 16671373250317530109, levelgen mode: deterministic

6 vurker the Magician (level 1, -1/13 HPs)
             Began as a Mummy Fire Elementalist on Nov 16, 2019.
             Slain by an ooze (5 damage)
             ... on level 1 of the Dungeon.
             The game lasted 00:00:28 (223 turns).

vurker the Magician (Mummy Fire Elementalist)        Turns: 223, Time: 00:00:28

Health: -1/13      AC:  2    Str: 11    XL:     1   Next: 75%
Magic:  1/4        EV: 12    Int: 14    God:
Gold:   8          SH:  0    Dex: 12    Spells: 4/5 levels left

rFire    x . .     SeeInvis .   (no weapon)
rCold    + . .     Gourm    .   (no shield)
rNeg     + + +     Faith    .   a - +0 robe
rPois    ∞         Spirit   .   (no helmet)
rElec    .         Reflect  .   (no cloak)
rCorr    .         Harm     .   (no gloves)
MR       .....                  (no boots)
Stlth    ++........             (no amulet)
HPRegen  0.04/turn              (no ring)
MPRegen  0.09/turn              (no ring)

@: no status effects
A: no food or potions, fire vulnerability, cold resistance 1, negative energy
resistance 3, torment resistance, unbreathing
a: no special abilities


You were on level 1 of the Dungeon.
You were not hungry.

You visited 1 branch of the dungeon, and saw 1 of its levels.

You collected 8 gold pieces.

Inventory:

Armour
 a - a +0 robe (worn)
Scrolls
 b - a scroll of identify {unknown}
 c - a scroll of enchant armour {unknown}


   Skills:
 + Level 0.2 Fighting
 - Level 1.5 Dodging
 - Level 1.5 Stealth
 * Level 2.9 Spellcasting
 * Level 1.0 Conjurations
 * Level 2.5 Fire Magic


You had 4 spell levels left.
You knew the following spells:

 Your Spells              Type           Power        Failure   Level  Hunger
a - Flame Tongue          Conj/Fire      #....        11%         1    N/A

Your spell library contained the following spells:

 Spells                   Type           Power        Failure   Level  Hunger
 Throw Flame              Conj/Fire      #.....       16%         2    N/A
 Conjure Flame            Conj/Fire      #.......     30%         3    N/A
 Inner Flame              Hex/Fire       #.......     36%         3    N/A
 Sticky Flame             Conj/Fire      #.......     71%         4    N/A
 Fireball                 Conj/Fire      #.........   96%         5    N/A

Dungeon Overview and Level Annotations

Branches:
Dungeon (1/15)

Altars:


Innate Abilities, Weirdness & Mutations

You do not eat or drink.
Your flesh is vulnerable to fire.
You are immune to poison.
Your flesh is cold resistant. (rC+)
You are immune to negative energy. (rN+++)
You are immune to unholy pain and torment.
You can survive without breathing.


Message History

The flame tongue hits the ooze.
The ooze barely misses you.
Aim: an ooze (severely wounded)
You miscast Flame Tongue.
You are very lightly contaminated with residual magic.
Heat runs through your body. The ooze barely misses you.
Aim: an ooze (severely wounded)
The flame tongue hits the ooze.
The ooze barely misses you.
You don't have enough magic to cast that spell.
You hit the ooze but do no damage.
The ooze jiggles.
The ooze hits you.
You hit the ooze but do no damage. The ooze hits you.
You hit the ooze.
You kill the ooze!
Your Conjurations skill increases to level 1!
Your magical contamination has completely faded away.
A bat comes into view.
A bat is nearby!
You can't see any susceptible monsters within range! (Use Z to cast anyway.)
Found 22 stones.
You can't see any susceptible monsters within range! (Use Z to cast anyway.)
You can't see any susceptible monsters within range! (Use Z to cast anyway.)
Found a short sword.
You can't see any susceptible monsters within range! (Use Z to cast anyway.)
You can't see any susceptible monsters within range! (Use Z to cast anyway.)
You can't see any susceptible monsters within range! (Use Z to cast anyway.)
An ooze comes into view.
The bat closely misses you.
Aim: a bat The flame tongue hits the bat.
The ooze quivers.
The bat hits you but does no damage.
Aim: a bat (severely wounded)
The flame tongue hits the bat.
You kill the bat!
Aim: an ooze The flame tongue hits the ooze but does no damage.
The ooze hits you.
Aim: an ooze The flame tongue hits the ooze.
The ooze hits you.
* * * LOW HITPOINT WARNING * * *
Aim: an ooze (heavily wounded)
You miscast Flame Tongue.
You are very lightly contaminated with residual magic.
Nothing appears to happen.
The ooze hits you.
* * * LOW HITPOINT WARNING * * *
Your magical contamination has completely faded away.
Aim: an ooze (heavily wounded)
The flame tongue hits the ooze.
The ooze hits you.
You die...

#...# #### #. ###.#
#..## #. #.# #.#.##
#. #.#####J##.# .#
####.##....##.## #.#
..........###..###..#
####.##...# ##..#..#
#.###>## #.J#..# #.#
#.# ##.@.## #.# #.#
#.<.# ..# #.# #...#
### #.# #..#!.# #.#
#..#..# ..###.. #.#
#(# #. .# .# #.


You could see an ooze.

Vanquished Creatures
  An ooze (D:1)
  A bat (D:1)
2 creatures vanquished.

Notes
Turn   | Place    | Note
-------+----------+-------------------------------------------
     0 | D:1      | vurker the Mummy Fire Elementalist began the quest for the
                  | Orb.
     0 | D:1      | Reached XP level 1. HP: 13/13 MP: 4/4
    29 | D:1      | Reached skill level 1 in Conjurations
   223 | D:1      | Slain by an ooze

Levels and vault maps discovered:
D:1:      dpeg_arrival_simpleton_a, layout_loops_ring

Skill      XL: |  1 |
---------------+----+-----
Conjurations   | 1 |  1.0
Fighting       | |  0.2
Dodging        | |  1.5
Stealth        | |  1.5
Spellcasting   | |  2.9
Fire Magic     | |  2.5

Action                   || total
-------------------------++-------
Melee: Unarmed           ||     3
 Cast: Flame Tongue      ||     8
Armor: Robe              ||     1
Dodge: Dodged            ||     4

Table legend:
 A = Non-vault XP
 B = Vault XP
 C = Vault XP percentage of total XP
 D = Non-vault monster count
 E = Vault monster count
 F = Vault count percentage of total count
                 A         B        C        D         E       F
            +---------+---------+-------+---------+---------+-------
      Total |       9 |       0 |   0.0 |       2 |       0 |   0.0
            +---------+---------+-------+---------+---------+-------
        D:1 |       9 |       0 |   0.0 |       2 |       0 |   0.0
            +---------+---------+-------+---------+---------+-------
